 Dungeon Crawl Stone Soup version 0.15.2 (webtiles) character file.

279 ProjectEKO the Slasher (level 6, -5/44 HPs)
             Began as a Demonspawn Gladiator on Feb 24, 2015.
             Killed by divine providence
             ... invoked by an orc priest
              (16 damage)
             ... on Level 3 of the Dungeon.
             The game lasted 00:09:17 (4254 turns).

ProjectEKO the Slasher (Demonspawn Gladiator)       Turns: 4254, Time: 00:09:17

HP  -5/44        AC  6     Str 15      XL: 6   Next:  5%
MP   6/6         EV  9     Int 11      God:
Gold 111         SH  0     Dex 14      Spells:  0 memorised,  5 levels left

rFire  . . .     SeeInvis .     a - +0 long sword
rCold  + . .     Clarity  .     s - +1 ring mail
rNeg   . . .     rCorr    .     (no shield)
rPois  .         rRot     .     (helmet restricted)
rElec  .         Spirit   .     (no cloak)
SustAb .         Warding  .     (no gloves)
rMut   .         Stasis   .     (no boots)
Gourm  .                        (no amulet)
MR     .....                    (no ring)
                                (no ring)

@: not resistant to hostile enchantments, very unstealthy
A: horns 2, cold resistance 1, spiny 1
a: no special abilities


You were on level 3 of the Dungeon.
You were not hungry.

You visited 1 branch of the dungeon, and saw 3 of its levels.

You collected 111 gold pieces.


Innate Abilities, Weirdness & Mutations

You have a pair of horns on your head.
Your flesh is cold resistant.
You are partially covered in sharp spines.


   Skills:
 - Level 2.0 Fighting
 + Level 6.2 Long Blades
 - Level 1.7 Throwing
 - Level 2.6 Dodging


You had 5 spell levels left.
You didn't know any spells.

Inventory:

Hand weapons
 a - a +0 long sword (weapon)
 b - a +0 blowgun
Missiles
 h - 64 stones (quivered)
 n - 3 throwing nets
 u - 14 poisoned needles
Armour
 c - a +0 helmet
 s - a +1 ring mail (worn)
Comestibles
 f - 2 bread rations
 i - a rotting chunk of adder flesh {@*1}
 k - 4 fruits
 p - a slice of pizza
 r - 2 chunks of orc flesh {@*1}
Scrolls
 j - a scroll of noise {!r}
 l - 2 scrolls of random uselessness
Potions
 e - a potion of poison {unknown}
 g - a potion of might {unknown}
 m - a potion of resistance {unknown}
 o - a potion of cure mutation {unknown}
 q - a potion of invisibility {unknown}
 t - a potion of lignification {unknown}

Dungeon Overview and Level Annotations

Branches:
Dungeon (3/15)

Altars:

Annotations:
D:2 Sigmund

▒···▒ ▒·▒ ▒▒▒▒▒▒▒▒▒▒▒···▒
▒·▒ ···········▒▒·▒▒ ▒·▒
▒▒▒▒▒▒▒▒▒·▒·▒▒··▒ ·
▒·······▒·▒·▒▒··▒
▒▒·▒▒··%···▒·····▒
▒···<···▒▒▒▒▒▒▒··▒
▒··▒▒·▒····▒·)··▒▒
▒··▒▒·▒▒·▒·▒6▒▒▒▒▒▒
▒·▒··▒·▒%▒·▒·▒o▒▒▒▒·▒▒▒▒▒
▒·····▒▒▒··········▒····▒
▒▒▒····▒·▒(▒······▒▒▒·▒·▒
▒···▒·▒▒·▒▒·▒▒▒▒·▒·▒▒·▒
▒···▒·▒▒·▒▒·▒ ▒▒·▒▒▒·▒
▒·····▒▒·▒▒·▒ ▒·▒ ▒·▒
▒▒····▒▒·▒▒·▒ ▒·▒ ▒·▒
▒·······▒▒·· ··· ·o·


You could see an orc priest.


Message History

Aim: an orc priest, wielding a whip and wearing a chain mail You shoot a poisoned needle.
The poisoned needle barely misses the orc priest.
a - a +0 long sword (weapon)
You hit the orc priest but do no damage.
You headbutt the orc priest, but do no damage.
The orc priest calls down the wrath of Beogh upon you.
Something smites you!
You hit the orc priest.
The orc priest is heavily wounded.
The orc priest is struck by your spines.
The orc priest hits you but does no damage.
You hit the orc priest but do no damage.
The orc priest is heavily wounded.
The orc priest hits you with a whip.
You hit the orc priest but do no damage.
The orc priest is heavily wounded.
The orc priest hits you but does no damage.
You barely miss the orc priest.
The orc priest is heavily wounded.
The orc priest calls down the wrath of Beogh upon you.
Something smites you!
* * * LOW HITPOINT WARNING * * *
The orc priest hits you with a whip.
* * * LOW HITPOINT WARNING * * *
Drink which item? (? for menu, Esc to quit)
Magic courses through your body.
It was a potion of magic.
The orc priest calls down the wrath of Beogh upon you.
Something smites you!
You die...

Action                   |  1- 3 |  4- 6 || total
-------------------------+-------+-------++-------
Melee: Long sword        |   105 |   129 ||   234
 Fire: Blowgun           |       |     4 ||     4
Throw: Stone             |    10 |    23 ||    33
       Throwing net      |     4 |     4 ||     8
  Use: Scroll            |       |     5 ||     5
       Potion            |       |     1 ||     1
 Stab: Held in net/web   |       |     1 ||     1
  Eat: Chunk             |     3 |     8 ||    11

Vault maps used:
D:1:      saegor_arrival_simple_d
D:2:      uniq_iyjb, uniq_sigmund
D:3:      uniq_jessica

Notes
Turn   | Place    | Note
--------------------------------------------------------------
     0 | D:1      | ProjectEKO, the Demonspawn Gladiator, began the quest for the Orb.
     0 | D:1      | Reached XP level 1. HP: 16/16 MP: 1/1
   286 | D:1      | Reached skill level 3 in Long Blades
   606 | D:1      | Gained mutation: You are partially covered in sharp spines. [demonic ancestry]
   606 | D:1      | Reached XP level 2. HP: 19/22 MP: 2/2
  1545 | D:2      | Gained mutation: Your flesh is cold resistant. [demonic ancestry]
  1545 | D:2      | Reached XP level 3. HP: 27/27 MP: 3/3
  1660 | D:2      | Noticed Ijyb
  1680 | D:2      | Killed Ijyb
  1680 | D:2      | Reached skill level 4 in Long Blades
  1975 | D:2      | Gained mutation: You have a pair of small horns on your head. [demonic ancestry]
  1975 | D:2      | Reached XP level 4. HP: 24/33 MP: 4/4
  2413 | D:2      | Reached skill level 5 in Long Blades
  2423 | D:2      | Noticed Sigmund
  2909 | D:3      | Noticed Jessica
  2921 | D:3      | Killed Jessica
  2921 | D:3      | Gained mutation: You have a pair of horns on your head. [demonic ancestry]
  2921 | D:3      | Reached XP level 5. HP: 38/38 MP: 5/5
  3579 | D:3      | Reached skill level 6 in Long Blades
  3912 | D:3      | Reached XP level 6. HP: 44/44 MP: 6/6
  4254 | D:3      | Killed from afar by an orc priest

Vanquished Creatures
  2 orc wizards (D:3)
  Ijyb (D:2)
  Jessica (D:3)
  3 adders
  8 gnolls
  A giant mite (D:3)
  A worm (D:2)
  3 giant geckos
  2 oozes (D:1)
  3 orcs (D:3)
  3 ball pythons (D:1)
  6 bats
  A giant cockroach (D:1)
  6 goblins
  8 hobgoblins
  6 jackals (D:3)
  4 kobolds
  A quokka (D:2)
  3 giant newts
  11 rats
74 creatures vanquished.
